AoeStats
← ManuS

MegaRandom

508100249Analyzed
2v2 RM · 13d ago on Sep 20, 2026· 30m 53s· 4 players
Game mode
Random Map
Map size
Medium (4 player)
Population
200
Speed
Normal
Resources
Standard
Victory
Conquest
Starting age
Dark Age
Ending age
Imperial Age
RankedLock teamsTeams togetherTeam positionsShared explorationLock speedFull tech treeHidden civsTurbo modeCheats
Victory
Defeat
🇫🇷 Slavs · France
1138
+14
🇫🇷 Spanish · France
1057
+17
🇺🇸 Lithuanians · United States
1117
-17
🇦🇷 Franks · Argentina
1059
-14
Poopass
10:14 Feudal Age
10:51 Double-Bit Axe
10:52 Horse Collar
11:52 Man-at-Arms
19:56 Castle Age
18:58 Scale Mail Armor
21:02 Bow Saw
20:53 Heavy Plow
24:35 Padded Archer Armor
26:14 Fletching
25:46 Elite Skirmisher
30:01 Thumb Ring
31:01 Bodkin Arrow
ManuS
7:11 Loom
10:08 Feudal Age
19:28 Castle Age
17:48 Fletching
22:51 Town Watch
23:05 Bodkin Arrow
23:08 Elite Skirmisher
25:41 Town Patrol
27:56 Crossbowman
Valwe
7:05 Loom
9:15 Feudal Age
9:42 Man-at-Arms
13:56 Double-Bit Axe
13:51 Horse Collar
20:40 Castle Age
19:01 Scale Mail Armor
19:14 Forging
23:03 Squires
23:19 Chain Mail Armor
23:40 Iron Casting
23:40 Long Swordsman
25:21 Wheelbarrow
26:34 Gold Mining
26:46 Pikeman
27:18 Town Watch
31:14 Stone Mining
xlwoody
8:00 Loom
10:41 Feudal Age
16:21 Castle Age
15:13 Double-Bit Axe
16:13 Horse Collar
24:02 Bloodlines
24:24 Husbandry
26:24 Scale Barding Armor
Connection lost

Rejoining the realm…

Still unreachable

The connection could not be restored.

Session expired

The server has moved on; the page needs a fresh start.